 Dungeon Crawl Stone Soup version 0.31-a0-700-gf13585253f (webtiles) character file.

Game seed: 11638017099150341041

10819 rjrrt the Cleaver (level 11, -9/101 HPs)
             Began as a Minotaur Berserker on Sept 7, 2023.
             Was an Elder of Trog.
             Mangled by a white ugly thing (27 damage)
             ... in an ice cave.
             The game lasted 00:20:03 (8905 turns).

rjrrt the Cleaver (Minotaur Berserker)              Turns: 8905, Time: 00:20:04

Health: -9/101     AC: 19    Str: 26    XL:     11   Next: 41%
Magic:  3/3        EV:  8    Int:  4    God:    Trog [****..]
Gold:   564        SH:  4    Dex: 10    Spells: 10/10 levels left

rFire   + . .        a - +2 broad axe (antimagic)
rCold   . . .        t - +0 buckler
rNeg    . . .        h - +1 plate armour {Will+}
rPois   .            r - +2 hat
rElec   .            (no cloak)
rCorr   .            (no gloves)
SInv    .            A - +0 pair of boots
Will    +....        j - amulet of faith Stlth
                     p - ring of protection from fire
HPRegen 0.36/turn    (no ring)
MPRegen 0.08/turn

%: faith
@: no status effects
A: horns 2, retaliatory headbutt
a: Renounce Religion, Berserk, Trog's Hand, Brothers in Arms


You were in an ice cave.
You worshipped Trog.
Trog was greatly pleased with you.
You visited 2 branches of the dungeon, and saw 12 of its levels.
You also visited: Ice Cave.

You collected 638 gold pieces.
You spent 74 gold pieces at shops.

Inventory:

Hand Weapons
 a - a +2 antimagic broad axe (weapon)
 b - a +0 trident
Missiles
 q - 7 boomerangs (quivered)
Armour
 h - a +1 plate armour of willpower (worn)
 m - the +10 plate armour of Privacy {Harm rF+ Dex-5}
   (You found it in an ice cave)

   Dex-5:     It affects your dexterity (-5).
   rF+:       It protects you from fire.
   Harm:      It increases damage dealt and taken.
 r - a +2 hat (worn)
 t - a +0 buckler (worn)
 A - a +0 pair of boots (worn)
Jewellery
 j - an amulet of faith (around neck)
 k - an amulet of reflection
 p - a ring of protection from fire (left hand)
 z - an amulet of the acrobat
Wands
 w - a wand of flame (23)
 B - a wand of iceblast (14)
 C - a wand of light (4)
Scrolls
 d - a scroll of identify
 e - a scroll of fear
 f - 4 scrolls of teleportation
 o - a scroll of immolation
Potions
 c - a potion of might
 g - 3 potions of curing
 i - 2 potions of cancellation
 l - a potion of attraction
 n - a potion of lignification
 v - 3 potions of resistance
 x - 2 potions of heal wounds
 D - a potion of haste


   Skills:
 + Level 10.8 Fighting
 * Level 14.9 Axes
 + Level 10.4 Armour
 - Level 2.1 Dodging
 + Level 4.0 Shields
 - Level 4.0 Evocations


You had 10 spell levels left.
You didn't know any spells.
Your spell library was empty.

Dungeon Overview and Level Annotations

Branches:
Dungeon (11/15)            Temple (1/1) D:6            Lair (0/5) D:11
    Orc (0/2) D:10          IceCv (1/1)

Altars:
Ashenzari
Cheibriados
Dithmenos
Elyvilon
Fedhas
Gozag
Hepliaklqana
Kikubaaqudgha
Makhleb
Nemelex Xobeh
Okawaru
Qazlal
Ru
Sif Muna
Trog
Uskayaw
Vehumet
Wu Jian
Xom
Yredelemnul
Zin
The Shining One

Shops:
D:2 (   D:7 (   D:8 (   D:9 =

Annotations:
D:3 2 transporters, Battleaxe07's ghost, amateur FoGl IceCv 1 transporter, exclusion: 2 ice statues


Innate Abilities, Weirdness & Mutations

You have a pair of horns on your head.
You reflexively headbutt those who attack you in melee.


Message History

You now have 564 gold pieces (gained 23).
Found an ice covered gate leading back out of this place.
Found a transporter.
There is a transporter landing site here.
There is a transporter here.
You start resting.
The ice statue glitters chillingly in the dim dungeon light.
HP restored.
Unknown command.
You enter the transporter and appear at another place.
The white ugly thing bites you but does no damage.
Unknown command.
Your polar bear goes berserk!
The ice statue gestures.
The white ugly thing barely misses you. You furiously retaliate!
You headbutt the white ugly thing!
Unknown command.
You slice the white ugly thing!!
The white ugly thing is severely wounded.
Your polar bear bites the white ugly thing!
Your polar bear claws the white ugly thing.
Your polar bear closely misses the white ugly thing.
The ice statue gestures at you. The bolt of cold hits you!
The ice statue gestures.
The white ugly thing bites you! The white ugly thing freezes you!!
You closely miss the white ugly thing.
The white ugly thing is severely wounded.
Your polar bear closely misses the white ugly thing.
Your polar bear claws the white ugly thing.
Your polar bear completely misses the white ugly thing.
The ice statue gestures at you. The bolt of cold hits you!!
The ice statue gestures at you. The bolt of cold hits you!
* * * LOW HITPOINT WARNING * * *
The white ugly thing bites you.
* * * LOW HITPOINT WARNING * * *
The white ugly thing freezes you!!
You die...

##### ### ####...###
#.∩# ##........##
#8..#
##..........##8...#
##...........#8...8#
#.......8....#hY...#
#.†.........8#u..[}#
#∩∩........©©#@..|?#
#...........8#...$)#
#.......8....#.....#
##...........#8...8#
##..........##8...#
##........## #8Y.#
####...### #.©#
##### ###


You could see 2 ice statues, a white ugly thing (ally target), 2 ice beasts and
a friendly polar bear (summoned, berserk).

Vanquished Creatures
  A skeletal warrior (D:11)
  Pikel (D:5)
  2 ugly things
  A rust devil (D:10)
  Maggie (D:8)
  A gargoyle (D:11)
  Psyche (D:8)
  An unseen horror (D:10)
  2 rime drakes (D:11)
  2 trolls (D:11)
  Prince Ribbit (D:5)
  A slime creature (D:9)
  6 yaks (D:10)
  Grum (D:8)
  A death yak simulacrum (IceCv)
  A water moccasin (D:6)
  An acid dragon (D:10)
  Duvessa (D:4)
  4 ice beasts
  A sky beast (D:7)
  3 orc warriors
  2 black bears (D:4)
  7 wolves
  3 centaurs
  2 phantoms
  4 bullfrogs
  A cane toad simulacrum (IceCv)
  A scorpion (D:6)
  3 wights (D:8)
  Dowan (D:4)
  2 elephant simulacra (IceCv)
  11 killer bees (D:9)
  An electric eel (D:11)
  A howler monkey (D:9)
  2 jellies
  10 orc priests
  4 hounds
  2 sleepcaps
  Jessica (D:2)
  3 iguanas
  11 orc wizards
  Terence (D:2)
  A wolf simulacrum (IceCv)
  A centaur simulacrum (D:10)
  8 gnolls
  5 adders
  2 white imps
  A howler monkey simulacrum (D:10)
  An ufetubus (D:10)
  2 worms (D:2)
  2 dart slugs
  53 orcs
  9 endoplasms
  4 giant cockroaches
  10 hobgoblins
  8 kobolds
  2 quokkas (D:1)
  2 ball pythons
  3 bats
  3 frilled lizards
  11 goblins
  8 rats
243 creatures vanquished.

Vanquished Creatures (collateral kills)
  The ghost of Urgle the Shield-Bearer, a novice DjFE (D:9)
  2 hounds (D:11)
3 creatures vanquished.

Grand Total: 246 creatures vanquished

Notes
Turn   | Place    | Note
-------+----------+-------------------------------------------
     0 | D:1      | rjrrt the Minotaur Berserker began the quest for the Orb.
     0 | D:1      | Reached XP level 1. HP: 19/19 MP: 0/0
    60 | D:1      | Reached skill level 4 in Axes
    93 | D:1      | Reached XP level 2. HP: 22/26 MP: 1/1
   575 | D:1      | Reached ** piety under Trog
   835 | D:2      | Reached XP level 3. HP: 25/33 MP: 2/2
   837 | D:2      | Reached skill level 5 in Axes
   886 | D:2      | Noticed Jessica
   892 | D:2      | Killed Jessica
   939 | D:2      | Reached XP level 4. HP: 36/40 MP: 3/3
  1021 | D:2      | Noticed Terence
  1023 | D:2      | Found Bitirer's Antique Weapon Shop.
  1027 | D:2      | Killed Terence
  1753 | D:3      | Found an ancient bone altar of Kikubaaqudgha.
  1840 | D:3      | Reached skill level 6 in Axes
  1840 | D:3      | Reached XP level 5. HP: 39/47 MP: 4/4
  2208 | D:3      | Found a transporter.
  2210 | D:3      | Noticed Battleaxe07's ghost (amateur FoGl)
  2218 | D:3      | Reached *** piety under Trog
  2322 | D:3      | Found a transporter.
  2659 | D:4      | Noticed Dowan
  2661 | D:4      | Noticed Duvessa
  2663 | D:4      | Noticed a black bear
  2685 | D:4      | Killed Duvessa
  2686 | D:4      | Reached XP level 6. HP: 38/55 MP: 5/5
  2687 | D:4      | Killed Dowan
  2688 | D:4      | Reached skill level 5 in Fighting
  2688 | D:4      | Reached skill level 7 in Axes
  3010 | D:4      | Reached XP level 7. HP: 54/61 MP: 6/6
  3120 | D:5      | Entered Level 5 of the Dungeon
  3127 | D:5      | Found a snail-covered altar of Cheibriados.
  3145 | D:5      | Reached skill level 8 in Axes
  3145 | D:5      | Reached skill level 5 in Armour
  3492 | D:5      | Reached **** piety under Trog
  3599 | D:5      | Reached skill level 9 in Axes
  3599 | D:5      | Reached XP level 8. HP: 52/71 MP: 7/7
  3683 | D:5      | Noticed Pikel
  3694 | D:5      | Killed Pikel
  3695 | D:5      | Reached skill level 10 in Axes
  3829 | D:5      | Identified the +3 leather armour "Tytegal" {-Tele Harm
                  | Str+7}
  3855 | D:5      | Noticed Prince Ribbit
  3880 | D:5      | Killed Prince Ribbit
  4168 | D:6      | Found a staircase to the Ecumenical Temple.
  4222 | D:6      | Reached XP level 9. HP: 63/81 MP: 8/8
  4312 | D:6      | Reached skill level 11 in Axes
  4489 | D:6      | Found a glowing silver altar of Zin.
  4590 | D:6      | Found a sacrificial altar of Ru.
  4606 | Temple   | Entered the Ecumenical Temple
  4833 | D:7      | Found Wuritan's Weapon Boutique.
  5127 | D:7      | Found a bloodstained altar of Trog.
  5279 | D:8      | Noticed Maggie
  5294 | D:8      | Killed Maggie
  5295 | D:8      | Reached skill level 1 in Evocations
  5295 | D:8      | Found a runed translucent door.
  5295 | D:8      | Noticed Urgle's ghost (novice DjFE)
  5627 | D:8      | Found Witeoff's Weapon Boutique.
  5627 | D:8      | Noticed Grum
  5638 | D:8      | Reached skill level 12 in Axes
  5641 | D:8      | Killed Grum
  5662 | D:8      | Bought a +0 war axe of venom for 74 gold pieces
  5897 | D:8      | Noticed Psyche
  5906 | D:8      | Killed Psyche
  6237 | D:9      | Reached XP level 10. HP: 61/91 MP: 9/9
  6252 | D:9      | Killed Urgle's ghost
  6828 | D:9      | Reached skill level 13 in Axes
  7206 | D:9      | Found a basalt altar of Yredelemnul.
  7411 | D:9      | Found Koppiecs's Jewellery Shoppe.
  7510 | D:10     | Entered Level 10 of the Dungeon
  7510 | D:10     | Noticed a green ugly thing
  7521 | D:10     | Killed a green ugly thing
  7559 | D:10     | Reached skill level 10 in Fighting
  7567 | D:10     | Reached ***** piety under Trog
  7613 | D:10     | Received a gift from Trog
  7780 | D:10     | Found a staircase to the Orcish Mines.
  7813 | D:10     | Reached skill level 14 in Axes
  7813 | D:10     | Reached skill level 1 in Shields
  8117 | D:10     | Found a burning altar of Makhleb.
  8117 | D:10     | Noticed a rust devil
  8151 | D:10     | Killed a rust devil
  8288 | D:10     | Reached XP level 11. HP: 100/100 MP: 3/10
  8518 | D:11     | Reached skill level 10 in Armour
  8572 | D:11     | Found a staircase to the Lair.
  8633 | D:11     | Noticed a skeletal warrior
  8678 | D:11     | Killed a skeletal warrior
  8799 | D:11     | Found a frozen archway.
  8810 | IceCv    | Entered an ice cave
  8810 | IceCv    | Noticed a white ugly thing
  8821 | IceCv    | Killed a white ugly thing
  8867 | IceCv    | Found a transporter.
  8871 | IceCv    | Noticed a white ugly thing
  8878 | IceCv    | Identified the +10 plate armour of Privacy {Harm rF+ Dex-5}
  8891 | IceCv    | Found a transporter.
  8905 | IceCv    | Mangled by a white ugly thing

Illustrated notes

Levels and vault maps discovered:
D:1:      tarquinn_simple_flora_water_f, layout_loops_ring,
          chequers_serial_rivers_micro_c, minmay_ruptured
D:2:      layout_basic, serial_shops, shop, chequers_serial_rivers_small_b,
          uniq_jessica, uniq_terence
D:3:      layout_loops_cross, mainiacjoe_overflow_chevrons,
          gammafunk_ghost_mausoleum, minmay_goblin_outpost
D:4:      layout_basic, uniq_duvessa, uniq_grinder
D:5:      layout_basic, lemuel_crystal_altar, uniq_prince_ribbit1, uniq_pikel
D:6:      layout_basic, kennysheep_mini, nicolae_ru_path_of_blood,
          minmay_temple_entry_crystal_x
D:7:      layout_gridville, general_overflow_altar, serial_shops,
          kennysheep_little_box
D:8:      layout_loops_ring, serial_shops, shop, ebering_ghost_inner_flame,
          uniq_psyche, uniq_grum, uniq_maggie
D:9:      layout_basic, yredelemnul_altar_generic, serial_shops,
          nicolae_shop_behind_doors, nicolae_eternal_life
D:10:     layout_cross, demons_altar, hiddenorc2_lemuel, serial_ice,
          serial_ice_g, serial_ice_f, serial_ice_e, serial_ice_h
D:11:     layout_loops_ring, erik_lair_island, portal_ice_cave_rime,
          gauntlet_entry_generic, nicolae_kite_square_tiling_tiny
Temple:   nicolae_temple_no_exploring_needed
IceCv:    ice_cave_statue_garden_transporter

Skill      XL: |  1  2  3  4  5  6  7  8  9 10 11 |
---------------+----------------------------------+-----
Axes           | 4 5 6 7 9 10 12 14 | 14.9
Fighting       | 4 5 6 7 9 10 | 10.8
Armour         | 3 4 5 7 8 9 10 | 10.4
Evocations     | 2 4 |  4.0
Shields        | 2 4 |  4.0
Dodging        | |  2.1

Action                     |  1- 3 |  4- 6 |  7- 9 | 10-12 || total
---------------------------+-------+-------+-------+-------++-------
  Melee: Hand axe          |    76 |   124 |   210 |       ||   410
         Headbutt          |     7 |    12 |    52 |    37 ||   108
         Punch             |       |       |     2 |       ||     2
         War axe           |       |       |    52 |   132 ||   184
         Broad axe         |       |       |       |   115 ||   115
  Throw: Boomerang         |       |       |       |     1 ||     1
 Invoke: Berserk           |     1 |     3 |     6 |     5 ||    15
         Brothers in Arms  |       |       |     1 |     3 ||     4
  Evoke: Wand              |       |       |       |     1 ||     1
    Use: Scroll            |       |       |    17 |     3 ||    20
   Stab: Sleeping          |     2 |       |       |       ||     2
         Distracted        |       |       |       |     1 ||     1
         Invisible         |       |       |       |     1 ||     1
 Armour: Animal skin       |     9 |       |       |       ||     9
         Plate armour      |    39 |   103 |   205 |   245 ||   592
  Dodge: Dodged            |    19 |    48 |    66 |    66 ||   199
  Block: Buckler           |       |       |    23 |    42 ||    65

Table legend: (Time is in decaauts)
 A = Elapsed time spent in this place.
 B = Non-inter-level travel time spent in this place.
 C = Inter-level travel time spent in this place.
 D = Time resting spent in this place.
 E = Time spent auto-exploring this place.
 F = Levels seen in this place.
 G = Mean time per level.
                   A        B        C        D        E       F      G
               +--------+--------+--------+--------+--------+-----+--------+
         Total |   8956 |   8748 |    208 |   1207 |   5212 |  13 |  688.9 |
       Dungeon |   8852 |   8644 |    208 |   1151 |   5212 |  11 |  804.7 |
        Temple |      1 |      1 |      0 |      0 |      0 |   1 |    1.0 |
      Ice Cave |    102 |    102 |      0 |     56 |      0 |   1 |  102.0 |
               +--------+--------+--------+--------+--------+-----+--------+

Top non-repeatable levels by time:
     D:9: 1200 daAuts
     D:3: 1160 daAuts
     D:8: 1040 daAuts
    D:10: 1001 daAuts
     D:2: 905 daAuts
     D:1: 829 daAuts
     D:5: 750 daAuts
     D:7: 645 daAuts
     D:6: 542 daAuts
     D:4: 462 daAuts
    D:11: 314 daAuts
   IceCv: 102 daAuts
  Temple: 1 daAuts
